 Dungeon Crawl Stone Soup version 0.24-a0-73-g81bb1ad (webtiles) character file.

Game seed: 2521979260577315415

3078 tself55 the Basher (level 9, -1/58 HPs)
             Began as a Gargoyle Fighter on Feb 7, 2019.
             Was a Follower of Okawaru.
             Killed from afar by a steam dragon (21 damage)
             ... with a ball of steam
             ... on level 8 of the Dungeon.
             The game lasted 00:11:03 (7520 turns).

tself55 the Basher (Gargoyle Fighter)               Turns: 7520, Time: 00:11:03

Health: -1/58      AC: 17    Str: 23    XL:     9   Next: 89%
Magic:  9/11       EV: 12    Int:  8    God:    Okawaru [*.....]
Gold:   207        SH: 17    Dex: 10    Spells: 8/8 levels left

rFire    . . .     SeeInvis .   a - +1 flail
rCold    . . .     Gourm    .   c - +1 shield
rNeg     + . .     Faith    .   e - +0 chain mail
rPois    ∞         Spirit   .   (no helmet)
rElec    +         Reflect  +   (no cloak)
rCorr    .         Harm     .   (no gloves)
MR       .....                  (no boots)
Stlth    ..........             m - +3 amulet of reflection
HPRegen  0.19/turn              j - +3 ring of evasion
MPRegen  0.12/turn              (no ring)

@: heroism
A: negative energy resistance 1, electricity resistance, unbreathing,
petrification resistance, rot immunity, AC +6
a: Heroism, Renounce Religion


You were on level 8 of the Dungeon.
You worshipped Okawaru.
Okawaru was aware of your devotion.
You were hungry.

You visited 2 branches of the dungeon, and saw 9 of its levels.

You collected 207 gold pieces.

Inventory:

Hand Weapons
 a - a +1 flail (weapon)
 x - a +0 hunting sling
Missiles
 y - 132 stones (quivered)
 z - 45 sling bullets
Armour
 b - a +0 scale mail
 c - a +1 shield (worn)
 e - a +0 chain mail (worn)
Jewellery
 j - a +3 ring of evasion (left hand)
 m - a +3 amulet of reflection (around neck)
Wands
 o - a wand of digging (5)
Scrolls
 k - a scroll of identify
 l - 4 scrolls of teleportation
 n - 4 scrolls of enchant armour
 p - a scroll of magic mapping
 v - a scroll of remove curse
 w - a scroll of immolation
Potions
 d - a potion of curing {unknown}
 g - 2 potions of invisibility
 h - a potion of magic {unknown}
 q - 6 potions of brilliance
 r - 3 potions of might
 s - 2 potions of berserk rage
 t - a potion of mutation {unknown}
 u - a potion of cancellation {unknown}
 A - 2 potions of lignification
 B - 3 potions of agility
Comestibles
 f - 16 rations


   Skills:
 + Level 7.6(12.6) Fighting
 * Level 9.3(14.3) Maces & Flails
 + Level 2.6(7.6) Slings
 - Level 3.2(8.2) Armour
 + Level 7.6(12.6) Shields
 + Level 3.0 Invocations


You had 8 spell levels left.
You didn't know any spells.
Your spell library contained the following spells:

 Spells                   Type           Power        Failure   Level  Hunger
 Beastly Appendage        Tmut           #.....       98%         1    ##.....
 Confusing Touch          Hex            #.....       98%         1    ##.....
 Sticks to Snakes         Tmut           #.......     99%         2    ###....
 Confuse                  Hex            #.......     100%        3    ####...
 Gell's Gravitas          Tloc           #.........   100%        3    ####...
 Spider Form              Tmut/Pois      #.........   100%        3    ####...
 Ice Form                 Ice/Tmut       #.......     100%        4    #####..
 Petrify                  Tmut/Erth      #.......     100%        4    #####..
 Blade Hands              Tmut           #.........   100%        5    ######.
 Metabolic Englaciation   Hex/Ice        #.........   100%        5    ######.
 Yara's Violent Unravell  Hex/Tmut       #.........   100%        5    ######.


Dungeon Overview and Level Annotations

Branches:
Dungeon (8/15)             Temple (1/1) D:5
   Lair: D:8-11

Altars:
Ashenzari
Cheibriados
Dithmenos
Elyvilon
Fedhas
Gozag
Hepliaklqana
Kikubaaqudgha
Makhleb
Nemelex Xobeh
Okawaru
Qazlal
Ru
Sif Muna
Trog
Uskayaw
Vehumet
Wu Jian
Xom
Yredelemnul
Zin
The Shining One

Shops:
D:5 (   D:6 !


Innate Abilities, Weirdness & Mutations

You are resistant to torment.
Your stone body is resilient. (AC +6)
You are immune to poison.
You resist negative energy. (rN+)
You are resistant to electric shocks. (rElec)
You can survive without breathing.
You are immune to petrification.
You are immune to rotting.


Message History

You barely miss the steam dragon.
The steam dragon is heavily wounded.
You are engulfed in a cloud of scalding steam.
The steam dragon bites you. You block the steam dragon's attack.
Your shield and chain mail prevent you from hitting the steam dragon.
The steam dragon is heavily wounded.
You are engulfed in a cloud of scalding steam.
The steam dragon closely misses you. You block the steam dragon's attack.
You are too injured to fight recklessly!
You are too injured to fight recklessly!
You are too injured to fight recklessly!
You gain the combat prowess of a mighty hero.
The steam dragon breathes steam at you.
The ball of steam hits you but does no damage.
You hit the steam dragon.
The steam dragon is heavily wounded.
You are engulfed in a cloud of scalding steam.
The steam dragon breathes steam at you. The ball of steam hits you!!
You die...

#........ ##.#####.#
#..# #.. #.#.# #.#
.(##.# #.#
############.###§###.#
......# #..#..§§....#
#####.# #.#.###.#####
### #.# #.#.# #@#
..###.####.#.# #D#
.............# #.#
#.###.####.### #.#
#........>.# #.#
####...#########..
###.#.#.#####.....
...........##.####
###.#.#.##.##.#


You could see a steam dragon.

Vanquished Creatures
  Pikel (D:4)
  Sigmund (D:2)
  Eustachio (D:4)
  Duvessa (D:4)
  An ice beast (D:7)
  An orc warrior (D:6)
  A sky beast (D:8)
  5 ogres
  A phantom (D:5)
  A big kobold (D:7)
  4 bullfrogs
  5 jellies
  2 electric eels (D:7)
  4 howler monkeys
  2 crimson imps (D:6)
  An orc priest (D:3)
  3 hounds
  An orc wizard (D:6)
  A centaur skeleton (D:4)
  2 iguanas
  6 worker ants
  A killer bee zombie (D:8)
  2 hound skeletons
  10 adders
  A shadow imp (D:6)
  4 oozes (D:1)
  3 worms (D:1)
  An adder skeleton (D:8)
  11 dart slugs
  6 leopard geckos
  15 orcs
  A ball python (D:5)
  5 giant cockroaches
  5 goblins
  6 hobgoblins
  15 jackals
  3 quokkas
  7 bats
  5 frilled lizards
  12 kobolds
  8 rats
166 creatures vanquished.

Vanquished Creatures (others)
  A slave (D:4)
  Dowan (D:4)
  A kobold (D:7)
3 creatures vanquished.

Grand Total: 169 creatures vanquished

Notes
Turn   | Place    | Note
-------+----------+-------------------------------------------
     0 | D:1      | tself55 the Gargoyle Fighter began the quest for the Orb.
     0 | D:1      | Reached XP level 1. HP: 14/14 MP: 1/1
     1 | D:1      | Found a runed translucent door.
     2 | D:1      | Noticed a jelly
   125 | D:1      | Reached XP level 2. HP: 11/19 MP: 2/2
   620 | D:1      | Reached XP level 3. HP: 23/23 MP: 3/3
   643 | D:1      | Reached skill level 3 in Maces & Flails
   643 | D:1      | Reached XP level 4. HP: 26/29 MP: 4/4
   940 | D:2      | Noticed Sigmund
   955 | D:2      | Killed Sigmund
   955 | D:2      | Reached skill level 4 in Maces & Flails
   955 | D:2      | Reached XP level 5. HP: 32/34 MP: 5/5
   955 | D:2      | Reached XP level 6. HP: 36/39 MP: 6/6
  2124 | D:3      | Reached skill level 5 in Maces & Flails
  2764 | D:4      | Reached skill level 5 in Fighting
  2796 | D:4      | Reached skill level 5 in Shields
  2796 | D:4      | Reached XP level 7. HP: 39/44 MP: 7/7
  2904 | D:4      | Found a shadowy altar of Dithmenos.
  3081 | D:4      | Noticed Pikel
  3124 | D:4      | Killed Pikel
  3124 | D:4      | Reached skill level 7 in Maces & Flails
  3124 | D:4      | Reached XP level 8. HP: 47/51 MP: 8/8
  3171 | D:4      | HP: 2/51 [ogre/+0 giant spiked club (18)]
  3511 | D:4      | Noticed Duvessa
  3511 | D:4      | Noticed Dowan
  3521 | D:4      | Killed Duvessa
  3662 | D:4      | Noticed Eustachio
  3696 | D:4      | Killed Eustachio
  3888 | D:4      | Killed Dowan
  4109 | D:5      | Entered Level 5 of the Dungeon
  4145 | D:5      | Found Niaker's Antique Weapon Shoppe.
  4184 | D:5      | Reached skill level 8 in Maces & Flails
  5005 | D:5      | Found a staircase to the Ecumenical Temple.
  5016 | Temple   | Entered the Ecumenical Temple
  5058 | Temple   | Became a worshipper of Warmaster Okawaru
  5220 | D:6      | Reached XP level 9. HP: 52/56 MP: 9/9
  5380 | D:6      | Reached skill level 1 in Invocations
  5575 | D:6      | Reached skill level 1 in Slings
  5704 | D:6      | Found Udaipo's Distillery.
  6147 | D:7      | Found a deep blue altar of Sif Muna.
  6440 | D:7      | Reached * piety under Okawaru
  6671 | D:7      | Reached skill level 9 in Maces & Flails
  7520 | D:8      | Killed from afar by a steam dragon

Vault maps used:
D:1:      dpeg_arrival_caged_fury, layout_basic, serial_curves, eino_curves_04,
          eino_curves_04
D:2:      layout_basic, first_ration, uniq_sigmund
D:3:      layout_loops_ring, nicolae_underground_beach
D:4:      layout_rooms, serial_curves, eino_curves_03, eino_curves_04,
          eino_curves_01, eino_curves_02, nicolae_dithmenos_shadow_blocks,
          uniq_duvessa, uniq_pikel, uniq_eustachio
D:5:      layout_loops_ring, minmay_temple_entry_antechambers, serial_shops,
          shop, hangedman_decor_riveting
D:6:      layout_basic, serial_shops, shop
D:7:      kennysheep_slugbush, layout_basic, lemuel_round_altar
D:8:      layout_loops_ring
Temple:   nicolae_temple_the_god_donut

Skill      XL: |  1  2  3  4  5  6  7  8  9 |
---------------+----------------------------+-----
Maces & Flails | 3 4 5 7 8 9 |  9.3
Fighting       | 4 5 6 7 |  7.6
Shields        | 4 5 6 7 |  7.6
Invocations    | 3 |  3.0
Slings         | 2 |  2.6
Armour         | |  3.2

Action                   |  1- 3 |  4- 6 |  7- 9 || total
-------------------------+-------+-------+-------++-------
Melee: Flail             |    84 |   228 |   454 ||   766
Invok: Heroism           |       |       |     2 ||     2
  Use: Potion            |       |     1 |     1 ||     2
       Scroll            |       |     1 |    15 ||    16
  Eat: Chunk             |       |     7 |     8 ||    15
       Ration            |       |       |     2 ||     2
Armor: Scale mail        |    53 |    77 |    57 ||   187
       Chain mail        |       |       |    55 ||    55
Dodge: Dodged            |    39 |    79 |   117 ||   235
Block: Shield            |    48 |   149 |   317 ||   514
       Reflection        |       |     7 |    10 ||    17

Table legend:
 A = Non-vault XP
 B = Vault XP
 C = Vault XP percentage of total XP
 D = Non-vault monster count
 E = Vault monster count
 F = Vault count percentage of total count
                 A         B        C        D         E       F
            +---------+---------+-------+---------+---------+-------
      Total |    3057 |    1341 |  30.5 |     138 |      28 |  16.9
            +---------+---------+-------+---------+---------+-------
        D:1 |      27 |     112 |  80.6 |      13 |      16 |  55.2
        D:2 |     104 |     205 |  66.3 |      17 |       1 |   5.6
        D:3 |     126 |       0 |   0.0 |      35 |       0 |   0.0
        D:4 |     488 |     992 |  67.0 |      16 |       3 |  15.8
        D:5 |     298 |       0 |   0.0 |       6 |       0 |   0.0
        D:6 |     678 |       0 |   0.0 |      15 |       0 |   0.0
        D:7 |     747 |      32 |   4.1 |      24 |       8 |  25.0
        D:8 |     589 |       0 |   0.0 |      12 |       0 |   0.0
            +---------+---------+-------+---------+---------+-------
